Map: Miner Evacuation

Players

monk

  • Race: Zerg Zerg

sTkmonk

  • Race: Terran Terran
  • Spawn Location: 7:00

VOD

Have the link to the VOD?

Description

Time

  • Played on: July 21, 2017, 5:09 p.m.
  • Length: 22:40
Show
View Real Time Build Order
Export as new Build Order

monk Zerg 

Build Orders:  

Get SALT Encoding   

  12  0:04  Infested SCV  
  13  0:12  Infested SCV  
  14  0:21  Infested SCV  
  15  0:33  Overlord  
  15  0:41  Infested Colonist Compound  
  15  0:59  Infested SCV x2  
  17  1:05  Infested SCV  
  18  1:10  Infested Barracks  
  18  1:18  Infested Refinery  
  18  1:24  Infested SCV  
  19  1:37  Infested SCV  
  20  1:42  Infested Refinery  
  20  1:53  Overlord  
  20  2:09  Infested SCV  
  21  2:25  Infested SCV  
  22  2:35  Infested Bunker  
  22  2:36  Anaerobic Enhancement  
  26  2:41  Infested SCV  
  27  2:57  Infested SCV  
  28  3:16  Infested SCV  
  29  3:40  Infested SCV, Infestation Level 1  
  30  3:54  Infested SCV  
  31  4:01  Overlord  
  31  4:29  Infested Bunker  
  35  4:32  Infested SCV  
  36  5:15  Infested Engineering Bay  
  36  5:19  Infested SCV x2  
  38  5:20  Infested Command Center  
  38  5:41  Infested Bunker  
  38  5:52  Stukov Infantry Weapons Level 1  
  38  5:54  Broodling Gestation  
  38  6:14  Overlord  
  38  6:15  Infested Factory  
  38  6:16  Infested Engineering Bay  
  38  6:21  Infested SCV  
  39  6:53  Infested SCV  
  40  7:02  Infested Bunker  
  40  7:06  Infested Bunker  
  40  7:19  Regenerative Plating  
  40  7:22  Infested Barracks Tech Lab  
  40  7:23  Infestation Level 2  
  40  7:37  Infested SCV x3  
  40  7:39  Infested SCV x2  
  45  7:56  Retinal Augmentation, Infested Command Center  
  45  8:05  Infested SCV x3  
  45  8:06  Infested SCV x2  
  50  8:20  Infested SCV x2  
  50  8:22  Infested SCV  
  53  8:32  Infested SCV  
  53  8:34  Infested Armory  
  54  8:42  Infested Bunker  
  54  8:43  Infested Bunker  
  54  8:53  Infested Bunker  
  54  8:58  Plagued Munitions  
  54  8:59  Infested Starport  
  58  9:01  Infested SCV  
  58  9:02  Infested SCV  
  58  9:05  Infested SCV  
  61  9:12  Infested Refinery  
  61  9:17  Overlord, Infested Refinery  
  61  9:38  Stukov Infantry Weapons Level 2  
  61  9:44  Infestation Level 3  
  61  9:50  Stukov Vehicle and Ship Weapons Level 1  
  61  9:57  Overseer  
  61  10:03  Aggressive Incubation  
  61  10:09  Infested SCV  
  62  10:10  Infested SCV  
  63  10:22  Pneumatized Carapace  
  63  10:23  Infested SCV x2  
  63  10:28  Overlord  
  63  10:29  Infested Bunker  
  69  10:33  Calcified Armor  
  69  10:54  Infested Bunker  
  69  11:07  Overlord x2  
  69  11:09  Infested Factory Tech Lab, Infested Factory  
  69  11:13  Acidic Enzymes  
  69  11:16  Infested Bunker  
  69  11:17  Infested SCV  
  74  11:24  Infested Bunker  
  82  11:43  Stukov Infantry Armor Level 1  
  82  12:10  Infested Bunker  
  86  12:21  Infested Siege Tank x2, Infested Bunker  
  92  12:43  Automated Mitosis  
  92  12:46  Overlord  
  92  12:47  Overlord  
  92  12:48  Stukov Vehicle and Ship Weapons Level 2  
  92  13:25  Infested Colonist Compound  
  92  13:38  Overlord x2  
  92  13:39  Infested Bunker  
  92  13:41  Infested Bunker  
  92  13:42  Infested SCV  
  92  13:48  Infested SCV  
  97  14:02  Infested Bunker  
  97  14:05  Infested Bunker  
  97  14:07  Infested Bunker  
  97  14:08  Infested Bunker  
  101  14:14  Infested Siege Tank  
  101  14:15  Infested Siege Tank x3  
  101  14:19  Stukov Infantry Weapons Level 3  
  113  14:22  Overlord x2  
  113  14:25  Infested Bunker  
  113  14:27  Overseer  
  113  14:30  Infested Bunker x2  
  113  14:34  Infested Bunker  
  117  14:50  Infested Bunker  
  117  14:51  Stukov Infantry Armor Level 2  
  117  14:53  Infested Siege Tank x2  
  123  15:01  Overseer  
  123  15:09  Overseer  
  123  16:07  Infested Siege Tank x3  
  123  16:08  Infested Siege Tank  
  135  16:12  Overlord x2  
  135  16:14  Infested Bunker  
  135  16:15  Overlord x2  
  135  16:27  Infested Siege Tank  
  138  17:08  Infested Bunker x2  
  146  17:19  Overseer x2  
  150  17:51  Infested Bunker  
  150  17:54  Infested Bunker  
  150  17:56  Infested Siege Tank x2, Infested Bunker  
  150  17:58  Infested Bunker  
  168  18:03  Infested Bunker  
  168  18:04  Infested Bunker x2  
  168  18:07  Infested Bunker  
  168  18:11  Infested Bunker  
  168  18:12  Infested Bunker  
  168  18:13  Infested Bunker  
  168  18:16  Infested Bunker  
  168  18:21  Infested Bunker  
  168  18:22  Infested Bunker  
  168  18:27  Infested Siege Tank  
  168  18:28  Infested Siege Tank  
  174  18:49  Infested Bunker  
  166  19:05  Infested Siege Tank x2  
  172  19:18  Overlord x3  
  172  19:35  Overseer  
  168  19:51  Infested Bunker  
  168  19:55  Infested Bunker x2  
  168  19:56  Infested Bunker  
  164  20:23  Overseer x3  
  164  20:24  Overseer  
  164  20:26  Infested Siege Tank  
  164  20:27  Infested Siege Tank x4  
  167  21:17  Infested Siege Tank x2  
Show
View Real Time Build Order
Export as new Build Order

sTkmonk Terran 

Build Orders:  

Get SALT Encoding   

Tags
 
Add a new tag
Caveats
  • Supply blocks, unpowered buildings, or Contaminate may cause inaccurate times.
  • Supply counts are checked every 10 seconds.